TOP OF THE 1ST |
Fresno Grizzlies batting - Pitching for Pawtucket Red Sox : LHP Eric Del Sordo
|
Pitching: LHP Eric Del Sordo
|
|
Batting: RHB Ben Hoffman
|
0-0: SINGLE (Line Drive, 5L, EV 98.1 MPH)
|
Batting: RHB C.J. Sagle
|
0-0: Grounds into double play, 6-4-3 (Groundball, 6, EV 80.6 MPH)
|
Batting: RHB Ramon Castellon
|
0-0: Ball 1-0: Fly out, F7 (Flyball, 7LM, EV 85.6 MPH)
|
Top of the 1st over - 0 runs, 1 hit, 0 errors, 0 left on base; Fresno 0 - Pawtucket 0 |
BOTTOM OF THE 1ST |
Pawtucket Red Sox batting - Pitching for Fresno Grizzlies : RHP Andy Montelongo
|
Pitching: RHP Andy Montelongo
|
|
Batting: LHB Tim Fuller
|
0-0: Ball 1-0: Swinging Strike 1-1: Swinging Strike 1-2: Ball 2-2: Foul Ball, location: 2F 2-2: Ball 3-2: Base on Balls
|
Batting: LHB John Bailey
|
0-0: DOUBLE (Line Drive, 78D, EV 106.9 MPH) Tim Fuller to third
|
Batting: LHB Jarrett Mordecai
|
0-0: Called Strike 0-1: Ball 1-1: Ground out 4-3 (Groundball, 4, EV 106.2 MPH) Tim Fuller scores John Bailey to third
|
Batting: RHB Jose Diaz
|
0-0: Ball 1-0: Called Strike 1-1: Swinging Strike 1-2: Ground out 6-3 (Groundball, 6, EV 79.4 MPH) John Bailey scores
|
Batting: LHB David Moore
|
0-0: Foul Ball, location: 2F 0-1: Foul Ball, location: 2F 0-2: Ball 1-2: Foul Ball, location: 2F 1-2: Strikes out swinging
|
Bottom of the 1st over - 2 runs, 1 hit, 0 errors, 0 left on base; Fresno 0 - Pawtucket 2 |
TOP OF THE 2ND |
Fresno Grizzlies batting - Pitching for Pawtucket Red Sox : LHP Eric Del Sordo
|
Batting: RHB Sam Spohn
|
0-0: Foul Ball, location: 2F 0-1: Swinging Strike 0-2: DOUBLE (Line Drive, 89D, EV 109.4 MPH)
|
Batting: RHB Bill Cabrera
|
0-0: Ball 1-0: Foul Ball, location: 2F 1-1: Ball 2-1: Ball 3-1: Called Strike 3-2: Ground out U3 (Groundball, 34, EV 90.6 MPH) Sam Spohn to third
|
Batting: LHB Bob Dietz
|
0-0: Ball 1-0: Ball 2-0: Foul Ball, location: 2F 2-1: 2-RUN HOME RUN (Flyball, 78XD, EV 108.1 MPH), Distance : 406 ft
|
Batting: SHB Paskar Adegoke
|
0-0: Called Strike 0-1: Called Strike 0-2: Foul Ball, location: 2F 0-2: Ball 1-2: Ball 2-2: Ball 3-2: Foul Ball, location: 2F 3-2: Foul Ball, location: 2F 3-2: Strikes out swinging
|
Batting: RHB Raul Sanchez
|
0-0: Ball 1-0: Ball 2-0: Ball 3-0: Base on Balls
|
Batting: LHB Kelvin Jones
|
0-0: Ball 1-0: 2-RUN HOME RUN (Flyball, 89XD, EV 114.4 MPH), Distance : 422 ft
|
Batting: RHB Ben Hoffman
|
0-0: Called Strike 0-1: Ball 1-1: Ground out 4-3 (Groundball, 4, EV 81.2 MPH)
|
Top of the 2nd over - 4 runs, 3 hits, 0 errors, 0 left on base; Fresno 4 - Pawtucket 2 |
BOTTOM OF THE 2ND |
Pawtucket Red Sox batting - Pitching for Fresno Grizzlies : RHP Andy Montelongo
|
Batting: RHB Eric Garrett
|
0-0: Ball 1-0: Ball 2-0: Ball 3-0: Base on Balls
|
Batting: RHB Neil Mautone
|
0-0: Ball 1-0: Called Strike 1-1: Called Strike 1-2: Strikes out swinging
|
Batting: RHB Brandon Perris
|
0-0: Ball 1-0: Ball Eric Garrett steals 2nd base 2-0: Foul Ball, location: 2F 2-1: SINGLE (Groundball, 56D, EV 101.9 MPH) Eric Garrett to third Runner from 3rd tries for Home, throw by LF and OUT! 7-2
|
Batting: LHB Mike Jones
|
0-0: Ball 1-0: Called Strike 1-1: Ball 2-1: Called Strike 2-2: Foul Ball, location: 2F 2-2: Strikes out looking
|
Bottom of the 2nd over - 0 runs, 1 hit, 0 errors, 1 left on base; Fresno 4 - Pawtucket 2 |
TOP OF THE 3RD |
Fresno Grizzlies batting - Pitching for Pawtucket Red Sox : LHP Eric Del Sordo
|
Batting: RHB C.J. Sagle
|
0-0: Called Strike 0-1: SINGLE (Groundball, 4M, EV 80.0 MPH) (infield hit)
|
Batting: RHB Ramon Castellon
|
0-0: Ball 1-0: Ball 2-0: Ball C.J. Sagle steals 2nd base 3-0: Base on Balls
|
Batting: RHB Sam Spohn
|
0-0: Called Strike 0-1: Ball 1-1: Called Strike 1-2: Ball 2-2: Strikes out swinging
|
Batting: RHB Bill Cabrera
|
0-0: Fly out, F8 (Flyball, 8RS, EV 87.5 MPH)
|
Batting: LHB Bob Dietz
|
0-0: Ball Passed Ball! C.J. Sagle to third Ramon Castellon to second 1-0: Ground out 4-3 (Groundball, 34D, EV 104.4 MPH)
|
Top of the 3rd over - 0 runs, 1 hit, 0 errors, 2 left on base; Fresno 4 - Pawtucket 2 |
BOTTOM OF THE 3RD |
Pawtucket Red Sox batting - Pitching for Fresno Grizzlies : RHP Andy Montelongo
|
Batting: LHB Tim Fuller
|
0-0: Called Strike 0-1: Foul Ball, location: 2F 0-2: Ground out 5-3 (Groundball, 5L, EV 86.9 MPH)
|
Batting: LHB John Bailey
|
0-0: Called Strike 0-1: Ball 1-1: Foul Ball, location: 2F 1-2: Ground out 4-3 (Groundball, 4, EV 90.6 MPH)
|
Batting: LHB Jarrett Mordecai
|
0-0: Ball 1-0: Foul Ball, location: 2F 1-1: Swinging Strike 1-2: Ball 2-2: Ball 3-2: Base on Balls
|
Batting: RHB Jose Diaz
|
0-0: SINGLE (Line Drive, 9LS, EV 93.8 MPH) Jarrett Mordecai to second Runner from 2nd tries for 3rd, OUT! 9-5
|
Bottom of the 3rd over - 0 runs, 1 hit, 0 errors, 1 left on base; Fresno 4 - Pawtucket 2 |
TOP OF THE 4TH |
Fresno Grizzlies batting - Pitching for Pawtucket Red Sox : LHP Eric Del Sordo
|
Batting: SHB Paskar Adegoke
|
0-0: Called Strike 0-1: Ball 1-1: Ball 2-1: Ball 3-1: Called Strike 3-2: Ground out 1-3 (Groundball, 34S, EV 64.4 MPH)
|
Batting: RHB Raul Sanchez
|
0-0: Ball 1-0: Ground out 5-3 (Groundball, 5, EV 89.4 MPH)
|
Batting: LHB Kelvin Jones
|
0-0: Ball 1-0: Foul Ball, location: 2F 1-1: Fly out, F7 (Flyball, 7D, EV 91.2 MPH)
|
Top of the 4th over - 0 runs, 0 hits, 0 errors, 0 left on base; Fresno 4 - Pawtucket 2 |
BOTTOM OF THE 4TH |
Pawtucket Red Sox batting - Pitching for Fresno Grizzlies : RHP Andy Montelongo
|
Batting: LHB David Moore
|
0-0: Ball 1-0: Ball 2-0: Called Strike 2-1: Ball 3-1: SINGLE (Line Drive, 7S, EV 100.0 MPH)
|
Batting: RHB Eric Garrett
|
0-0: Grounds into double play, 5-4-3 (Groundball, 56S, EV 79.4 MPH)
|
Batting: RHB Neil Mautone
|
0-0: Ground out 6-3 (Groundball, 6, EV 86.9 MPH)
|
Bottom of the 4th over - 0 runs, 1 hit, 0 errors, 0 left on base; Fresno 4 - Pawtucket 2 |
TOP OF THE 5TH |
Fresno Grizzlies batting - Pitching for Pawtucket Red Sox : LHP Eric Del Sordo
|
Batting: RHB Ben Hoffman
|
0-0: Ball 1-0: Foul Ball, location: 2F 1-1: SINGLE (Groundball, 56D, EV 101.9 MPH)
|
Batting: RHB C.J. Sagle
|
0-0: Called Strike 0-1: Ball 1-1: Called Strike Ben Hoffman steals 2nd base 1-2: Ball 2-2: Ground out 5-3 (Groundball, 56S, EV 68.1 MPH) Ben Hoffman to third
|
Batting: RHB Ramon Castellon
|
0-0: Called Strike 0-1: Ball 1-1: Called Strike 1-2: Foul Ball, location: 2F 1-2: Ball 2-2: Strikes out swinging
|
Batting: RHB Sam Spohn
|
0-0: Ball 1-0: Fly out, F9 (Line Drive, 9, EV 91.2 MPH)
|
Top of the 5th over - 0 runs, 1 hit, 0 errors, 1 left on base; Fresno 4 - Pawtucket 2 |
BOTTOM OF THE 5TH |
Pawtucket Red Sox batting - Pitching for Fresno Grizzlies : RHP Andy Montelongo
|
Batting: RHB Brandon Perris
|
0-0: Called Strike 0-1: Called Strike 0-2: SINGLE (Groundball, 6D, EV 100.6 MPH)
|
Batting: LHB Mike Jones
|
0-0: Called Strike 0-1: Swinging Strike 0-2: Ball 1-2: Foul Ball, location: 2F 1-2: Foul Ball, location: 2F 1-2: Foul Ball, location: 2F 1-2: Foul Ball, location: 2F 1-2: Fielders Choice at 2nd, 6-4 (Groundball, 6M, EV 86.9 MPH)
|
Batting: LHB Tim Fuller
|
0-0: Called Strike 0-1: Ball 1-1: Ball 2-1: Called Strike 2-2: Foul Ball, location: 2F 2-2: Foul Ball, location: 2F 2-2: Foul Ball, location: 2F 2-2: Ball 3-2: Base on Balls Mike Jones to second
|
Batting: LHB John Bailey
|
0-0: Ball 1-0: Grounds into double play, 4-6-3 (Groundball, 4, EV 85.0 MPH)
|
Bottom of the 5th over - 0 runs, 1 hit, 0 errors, 1 left on base; Fresno 4 - Pawtucket 2 |
TOP OF THE 6TH |
Fresno Grizzlies batting - Pitching for Pawtucket Red Sox : LHP Eric Del Sordo
|
Batting: RHB Bill Cabrera
|
0-0: Ball 1-0: Ground out U3 (Groundball, 3S, EV 67.5 MPH)
|
Batting: LHB Bob Dietz
|
0-0: Swinging Strike 0-1: Called Strike 0-2: Ball 1-2: Fly out, F8 (Flyball, 8LXD, EV 104.4 MPH)
|
Batting: SHB Paskar Adegoke
|
0-0: Ball 1-0: Ball 2-0: Ball 3-0: Called Strike 3-1: Foul Ball, location: 2F 3-2: Fly out, F8 (Flyball, 8RXD, EV 109.4 MPH)
|
Top of the 6th over - 0 runs, 0 hits, 0 errors, 0 left on base; Fresno 4 - Pawtucket 2 |
BOTTOM OF THE 6TH |
Pawtucket Red Sox batting - Pitching for Fresno Grizzlies : RHP Andy Montelongo
|
Batting: LHB Jarrett Mordecai
|
0-0: Swinging Strike 0-1: Ball 1-1: Swinging Strike 1-2: Foul Ball, location: 2F 1-2: Ball 2-2: Ball 3-2: Base on Balls
|
Batting: RHB Jose Diaz
|
0-0: Foul Ball, location: 2F 0-1: Ball 1-1: Foul Ball, location: 2F 1-2: Ball 2-2: Foul Ball, location: 2F 2-2: Foul Ball, location: 2F 2-2: Ball 3-2: Base on Balls Jarrett Mordecai to second
|
Pitching: RHP Alex Salinas
|
|
Batting: LHB David Moore
|
0-0: Called Strike 0-1: Ball 1-1: Foul Ball, location: 2F 1-2: DOUBLE (Line Drive, 78M, EV 103.1 MPH) Jarrett Mordecai scores Jose Diaz to third
|
Batting: RHB Eric Garrett
|
0-0: Ball 1-0: Ground out 1-3 (Groundball, 15S, EV 60.6 MPH)
|
Batting: RHB Neil Mautone
|
0-0: Ball 1-0: Called Strike 1-1: Ground out 5-3 (Groundball, 56, EV 98.8 MPH)
|
Batting: RHB Brandon Perris
|
0-0: Ball 1-0: Ball 2-0: Ground out 5-3 (Groundball, 56, EV 79.4 MPH)
|
Bottom of the 6th over - 1 run, 1 hit, 0 errors, 2 left on base; Fresno 4 - Pawtucket 3 |
TOP OF THE 7TH |
Fresno Grizzlies batting - Pitching for Pawtucket Red Sox : LHP Eric Del Sordo
|
Batting: RHB Raul Sanchez
|
0-0: Called Strike 0-1: Called Strike 0-2: DOUBLE (Line Drive, 9LS, EV 93.1 MPH)
|
Batting: LHB Kelvin Jones
|
0-0: Sac Bunt to P - play at first, batter OUT! 1-3 Raul Sanchez to third
|
Batting: RHB Ben Hoffman
|
0-0: Called Strike 0-1: Foul Ball, location: 2F 0-2: Ground out 6-3 (Groundball, 6, EV 103.8 MPH)
|
Pitching: RHP Jon Mercado
|
|
Batting: RHB C.J. Sagle
|
0-0: Ball 1-0: Foul Ball, location: 2F 1-1: Foul Ball, location: 2F 1-2: Ball 2-2: Ball 3-2: Base on Balls
|
Batting: RHB Ramon Castellon
|
0-0: Ball 1-0: SINGLE (Groundball, 6M, EV 80.0 MPH) (infield hit) Raul Sanchez scores C.J. Sagle to second
|
Batting: RHB Sam Spohn
|
0-0: Called Strike 0-1: Ball 1-1: SINGLE (Groundball, 6MD, EV 105.6 MPH) C.J. Sagle to third Ramon Castellon to second Runner from 3rd tries for Home, SAFE, throw by CF to home
|
Batting: RHB Bill Cabrera
|
0-0: Called Strike 0-1: Ball 1-1: Fly out, F6 (Flyball, 6MD, EV 83.8 MPH)
|
Top of the 7th over - 2 runs, 3 hits, 0 errors, 2 left on base; Fresno 6 - Pawtucket 3 |
BOTTOM OF THE 7TH |
Pawtucket Red Sox batting - Pitching for Fresno Grizzlies : RHP Alex Salinas
|
Batting: LHB Mike Jones
|
0-0: Called Strike 0-1: Ball 1-1: Called Strike 1-2: SINGLE (Groundball, 6MS, EV 68.1 MPH) (infield hit)
|
Batting: LHB Tim Fuller
|
0-0: Ball 1-0: Ball 2-0: Ball 3-0: Called Strike 3-1: Base on Balls Mike Jones to second
|
Batting: LHB John Bailey
|
0-0: Ball 1-0: Called Strike 1-1: Hit by Pitch Mike Jones to third Tim Fuller to second
|
Pitching: LHP Mike Cobb
|
|
Batting: LHB Jarrett Mordecai
|
0-0: Ball 1-0: Called Strike 1-1: Ball 2-1: Foul Ball, location: 2F 2-2: Ball 3-2: Base on Balls Mike Jones scores Tim Fuller to third John Bailey to second
|
Batting: RHB Jose Diaz
|
0-0: Ball 1-0: SINGLE (Groundball, 6, EV 80.6 MPH) (infield hit) Tim Fuller scores John Bailey to third Jarrett Mordecai to second
|
Batting: RHB Xavier Joslin
|
0-0: Ball 1-0: Swinging Strike 1-1: Ball 2-1: Swinging Strike 2-2: Foul Ball, location: 2F 2-2: Foul Ball, location: 2F 2-2: Foul Ball, location: 2F 2-2: Strikes out looking
|
Batting: RHB Eric Garrett
|
0-0: SINGLE (Groundball, 4M, EV 95.0 MPH) John Bailey scores Jarrett Mordecai to third Jose Diaz to second
|
Batting: RHB Neil Mautone
|
0-0: Grounds into fielders choice 6-2 (Groundball, 6, EV 102.5 MPH) Jose Diaz to third Eric Garrett to second
|
Batting: RHB Brandon Perris
|
0-0: Called Strike 0-1: Called Strike 0-2: Ball 1-2: Ball 2-2: Strikes out swinging
|
Bottom of the 7th over - 3 runs, 3 hits, 0 errors, 3 left on base; Fresno 6 - Pawtucket 6 |
TOP OF THE 8TH |
Fresno Grizzlies batting - Pitching for Pawtucket Red Sox : RHP Jon Mercado
|
Batting: LHB Bob Dietz
|
0-0: Called Strike 0-1: Foul Ball, location: 2F 0-2: SINGLE (Flyball, 9LS, EV 93.1 MPH)
|
Batting: SHB Paskar Adegoke
|
0-0: Ball 1-0: Swinging Strike 1-1: Ball 2-1: Ball 3-1: Base on Balls Bob Dietz to second
|
Batting: RHB Raul Sanchez
|
0-0: Ball 1-0: Bunted foul 1-1: Bunt missed! 1-2: Grounds into double play, 6-4-3 (Groundball, 6, EV 88.8 MPH) Bob Dietz to third
|
Batting: LHB Kelvin Jones
|
0-0: Swinging Strike 0-1: Ball 1-1: Called Strike 1-2: Ball 2-2: Foul Ball, location: 2F 2-2: Foul Ball, location: 2F 2-2: Strikes out swinging
|
Top of the 8th over - 0 runs, 1 hit, 0 errors, 1 left on base; Fresno 6 - Pawtucket 6 |
BOTTOM OF THE 8TH |
Pawtucket Red Sox batting - Pitching for Fresno Grizzlies : LHP Mike Cobb
|
Pinch Hitting: RHB Ernie Genier
|
0-0: Ball 1-0: Called Strike 1-1: Called Strike 1-2: SOLO HOME RUN (Flyball, 7D, EV 95.6 MPH), Distance : 357 ft
|
Batting: LHB Tim Fuller
|
0-0: Called Strike 0-1: Swinging Strike 0-2: Strikes out swinging
|
Batting: LHB John Bailey
|
0-0: Ball 1-0: Called Strike 1-1: Called Strike 1-2: Ball 2-2: Foul Ball, location: 2F 2-2: Fly out, F8 (Flyball, 78M, EV 81.9 MPH)
|
Batting: LHB Jarrett Mordecai
|
0-0: DOUBLE (Line Drive, 3D, EV 98.1 MPH)
|
Batting: RHB Jose Diaz
|
0-0: Ball 1-0: Foul Ball, location: 2F 1-1: Ball Wild Pitch! Jarrett Mordecai to third 2-1: Reached on error, E5 (Groundball, 56, EV 85.0 MPH) Jarrett Mordecai scores
|
Batting: RHB Xavier Joslin
|
Pickoff Throw to First - Out! 1-3
|
Bottom of the 8th over - 2 runs, 2 hits, 1 error, 0 left on base; Fresno 6 - Pawtucket 8 |
TOP OF THE 9TH |
Fresno Grizzlies batting - Pitching for Pawtucket Red Sox : RHP Jon Mercado
|
Pitching: RHP John Jordan
|
|
Now in CF: Dave Reyes
|
|
Batting: RHB Ben Hoffman
|
0-0: SINGLE (Groundball, 6M, EV 83.8 MPH) (infield hit)
|
Batting: RHB C.J. Sagle
|
0-0: Ball 1-0: Foul Ball, location: 2F 1-1: Ball 2-1: Ball 3-1: Called Strike 3-2: Base on Balls Ben Hoffman to second
|
Batting: RHB Ramon Castellon
|
0-0: Ball 1-0: Ball 2-0: Called Strike 2-1: Ball 3-1: Base on Balls Ben Hoffman to third C.J. Sagle to second
|
Batting: RHB Sam Spohn
|
0-0: Ball 1-0: Ball 2-0: Ball 3-0: Called Strike 3-1: SINGLE (Groundball, 6MD, EV 100.6 MPH) Ben Hoffman scores C.J. Sagle to third Ramon Castellon to second Runner from 3rd tries for Home, SAFE, throw by CF to home
|
Batting: RHB Bill Cabrera
|
0-0: Ball 1-0: 3-RUN HOME RUN (Line Drive, 89XD, EV 98.8 MPH), Distance : 407 ft
|
Pitching: LHP Will Sledge
|
|
Batting: LHB Bob Dietz
|
0-0: Ball 1-0: Ball 2-0: Ball 3-0: SINGLE (Groundball, 4MD, EV 107.5 MPH)
|
Batting: SHB Paskar Adegoke
|
0-0: Ball 1-0: Ball 2-0: SINGLE (Groundball, 56D, EV 98.8 MPH) Bob Dietz to second
|
Batting: RHB Raul Sanchez
|
0-0: Sac Bunt to 15S - play at first, batter OUT! 1-3 Bob Dietz to third Paskar Adegoke to second
|
Batting: LHB Kelvin Jones
|
0-0: Ball 1-0: Called Strike 1-1: SINGLE (Groundball, 25, EV 76.2 MPH) (infield hit)
|
Batting: RHB Ben Hoffman
|
0-0: Ball 1-0: Ball 2-0: Called Strike 2-1: Foul Ball, location: 2F 2-2: Strikes out swinging
|
Batting: RHB C.J. Sagle
|
0-0: Foul Ball, location: 2F 0-1: Ball 1-1: Called Strike 1-2: Foul Ball, location: 2F 1-2: Ball 2-2: Strikes out looking
|
Top of the 9th over - 5 runs, 6 hits, 0 errors, 3 left on base; Fresno 11 - Pawtucket 8 |
BOTTOM OF THE 9TH |
Pawtucket Red Sox batting - Pitching for Fresno Grizzlies : LHP Mike Cobb
|
Pitching: RHP John Mathis
|
|
Batting: RHB Xavier Joslin
|
0-0: Ball 1-0: Called Strike 1-1: Called Strike 1-2: Ball 2-2: Foul Ball, location: 2F 2-2: Ball 3-2: Ground out U3 (Groundball, 3L, EV 86.9 MPH)
|
Pinch Hitting: LHB Cooper Broomhall
|
0-0: Ball 1-0: Ball 2-0: Foul Ball, location: 2F 2-1: Ball 3-1: Called Strike 3-2: Base on Balls
|
Batting: RHB Neil Mautone
|
0-0: Called Strike 0-1: Ball 1-1: Fielders Choice at 2nd, 6-4 (Groundball, 6S, EV 80.6 MPH)
|
Batting: RHB Brandon Perris
|
0-0: Ball 1-0: Ball 2-0: Foul Ball, location: 2F 2-1: SINGLE (Groundball, 4MD, EV 101.9 MPH) Neil Mautone to second
|
Batting: LHB Dave Reyes
|
0-0: Foul Ball, location: 2F 0-1: Ball 1-1: Foul Ball, location: 2F 1-2: Ball 2-2: Ball 3-2: Strikes out swinging
|
Bottom of the 9th over - 0 runs, 1 hit, 0 errors, 2 left on base; Fresno 11 - Pawtucket 8 |
|